 Dungeon Crawl Stone Soup version 0.31-a0-233-g139696dc86 (webtiles) character file.

Game seed: 11253954117910149383

156 qw the Shooter (level 5, 0/30 HPs)
             Began as a Gargoyle Hexslinger on July 8, 2023.
             Slain by Terence
             ... wielding a +0 mace
              (4 damage)
             ... on level 2 of the Dungeon.
             The game lasted 00:00:47 (1819 turns).

qw the Shooter (Gargoyle Hexslinger)                Turns: 1819, Time: 00:00:48

Health: 0/30       AC:  8    Str: 12    XL:     5   Next: 37%
Magic:  6/6        EV: 11    Int: 13    God:
Gold:   89         SH:  0    Dex: 14    Spells: 5/6 levels left

rFire   . . .        Y - +1 sling
rCold   . . .        (no shield)
rNeg    + . .        e - +0 leather armour
rPois   inf          (no helmet)
rElec   +            (no cloak)
rCorr   .            (no gloves)
SInv    .            f - +0 pair of boots
Will    .....        d - amulet of faith
Stlth   +            (no ring)
HPRegen 0.25/turn    (no ring)
MPRegen 0.10/turn

%: faith
@: no status effects
A: sickness immunity, AC +4, negative energy resistance 1, electricity
resistance, torment resistance 1, petrification resistance
a: no special abilities


You were on level 2 of the Dungeon.
You visited 1 branch of the dungeon, and saw 2 of its levels.

You collected 89 gold pieces.


Innate Abilities, Weirdness & Mutations

You are immune to sickness and miasma.
Your stone body is resilient. (AC +4)
You are immune to poison.
You resist negative energy. (rN+)
You are resistant to electric shocks. (rElec)
You are resistant to unholy torment.
You are immune to petrification.


   Skills:
 + Level 2.0 Fighting
 - Level 5.1 Ranged Weapons
 - Level 1.5 Dodging
 - Level 1.0 Spellcasting
 - Level 2.6 Hexes


You had 5 spell levels left.
You knew the following spells:

 Your Spells              Type           Power      Damage    Failure   Level
a - Slow                  Hex            28%        N/A       12%         1

Your spell library contained the following spells:

 Spells                   Type           Power      Damage    Failure   Level
 Inner Flame              Hex/Fire       4%         N/A       52%         3
 Portal Projectile        Hex/Tloc       8%         N/A       52%         3
 Cause Fear               Hex            3%         N/A       75%         4

Inventory:

Hand Weapons
 Y - a +1 sling (weapon)
Armour
 e - a +0 leather armour (worn)
 f - a +0 pair of boots (worn)
Jewellery
 d - an amulet of faith (around neck)
 g - a +5 ring of evasion
Scrolls
 a - 2 scrolls of identify {unknown}
 b - a scroll of noise {unknown}
Potions
 c - a potion of attraction {unknown}

Dungeon Overview and Level Annotations

Branches:
Dungeon (2/15)

Altars:

Annotations:
D:2 Terence


Message History

Enter note:
Enter note:
Enter note:
Enter note:
Enter note: You shoot a sling bullet.
The sling bullet hits Terence.
Terence shouts!
Terence is lightly wounded.
Terence shouts, "Get ready for death!"
You shoot a sling bullet.
The sling bullet hits Terence but does no damage.
Terence is lightly wounded.
You shoot a sling bullet. The sling bullet hits Terence.
Terence is lightly wounded.
Terence hits you with a +0 mace.
You shoot a sling bullet.
The sling bullet hits Terence but does no damage.
Terence is lightly wounded.
Terence hits you with a +0 mace.
You shoot a sling bullet. The sling bullet hits Terence.
Terence is lightly wounded.
Terence hits you with a +0 mace.
You shoot a sling bullet. The sling bullet barely misses Terence.
Terence hits you with a +0 mace. Terence closely misses you.
You shoot a sling bullet.
The sling bullet closely misses Terence.
Terence hits you with a +0 mace.
You shoot a sling bullet.
The sling bullet closely misses Terence.
Terence hits you with a +0 mace.
You shoot a sling bullet.
The sling bullet closely misses Terence.
Terence hits you with a +0 mace.
You shoot a sling bullet. The sling bullet barely misses Terence.
Terence barely misses you. Terence hits you with a +0 mace.
You shoot a sling bullet.
The sling bullet hits Terence but does no damage.
Terence is lightly wounded.
Terence hits you with a +0 mace.
You die...

#.......#.# .#######
#######.... ...... ###.#
.P..P #.. 8... ## ###
#####..# #.# .########
....#.)# #.# .......)#
#####...###@#########.#
..........@[..........#
#######.##.........#..###
#.##...#.....%....###
####.##...##.#..#.......
##.[....>#.###......#.###
#.###.>.####...##.##.#..#.#
#........#...#.#....%#..#.#
#.###....#.###..........#.###
##.#.#.###...............


You could see Terence.

Vanquished Creatures
  An orc priest (D:1)
  Jessica (D:2)
  An orc wizard (D:1)
  2 adders (D:2)
  A worm (D:2)
  3 dart slugs
  An orc (D:1)
  5 endoplasms
  A giant cockroach (D:2)
  3 goblins (D:2)
  4 hobgoblins (D:1)
  2 kobolds (D:1)
  4 quokkas (D:2)
  6 ball pythons
  6 bats
  4 frilled lizards
  4 rats
49 creatures vanquished.

Notes
Turn   | Place    | Note
-------+----------+-------------------------------------------
     0 | D:1      | qw the Gargoyle Hexslinger began the quest for the Orb.
     0 | D:1      | Reached XP level 1. HP: 12/12 MP: 2/2
     0 | D:1      | 0 ||| qw: Version: 0.3-a-46-gb1f654a
     0 | D:1      | 0 ||| qw: Game counter: 3626
     0 | D:1      | 0 ||| qw: Melee chars always use a shield: true
     0 | D:1      | 0 ||| qw: God list: Okawaru
     0 | D:1      | 0 ||| qw: Allow faded altars: false
     0 | D:1      | 0 ||| qw: Do Orc after clearing Dungeon:15 true
     0 | D:1      | 0 ||| qw: Do second Lair branch before Depths: true
     0 | D:1      | 0 ||| qw: Lair rune preference: random
     0 | D:1      | 0 ||| qw: Goals: Normal
     0 | D:1      | 0 ||| PLANNING D:1-11
    60 | D:1      | Reached XP level 2. HP: 7/16 MP: 3/3
   308 | D:1      | Reached skill level 3 in Ranged Weapons
   488 | D:1      | Reached XP level 3. HP: 21/21 MP: 4/4
   675 | D:1      | 675 ||| UPGRADING to +0 leather armour.
   685 | D:1      | 685 ||| DROPPING +0 robe.
   686 | D:1      | 686 ||| UPGRADING to +0 pair of boots.
   691 | D:1      | 691 ||| UPGRADING to amulet of faith.
   696 | D:1      | 696 ||| READING scroll labelled WESU ODYGYQA.
   697 | D:1      | 697 ||| READING scroll labelled PASUDECKUA.
   798 | D:1      | 798 ||| DROPPING scroll of poison.
   841 | D:2      | 841 ||| STAIRDANCE
   859 | D:1      | HP: 4/21 [something/puff of flame (3)]
   863 | D:1      | Reached XP level 4. HP: 3/26 MP: 5/5
   965 | D:2      | 965 ||| STAIRDANCE
   974 | D:1      | Reached skill level 4 in Ranged Weapons
  1209 | D:2      | Reached XP level 5. HP: 30/30 MP: 6/6
  1306 | D:2      | HP: 6/30 [worm (2)]
  1478 | D:2      | Noticed Jessica
  1489 | D:2      | HP: 7/30 [Jessica/+0 club (3)]
  1490 | D:2      | Killed Jessica
  1491 | D:2      | Reached skill level 5 in Ranged Weapons
  1808 | D:2      | Noticed Terence
  1817 | D:2      | HP: 7/30 [Terence/+0 mace (3)]
  1819 | D:2      | Slain by Terence

Levels and vault maps discovered:
D:1:      scummos_arrival_hexagon, layout_loops_ring
D:2:      minmay_diamond_boxcup, layout_loops_ring,
          chequers_ecumenical_altar_lobes, kennysheep_jessica_study,
          uniq_terence

Skill      XL: |  1  2  3  4  5 |
---------------+----------------+-----
Ranged Weapons | 3 4 5 |  5.1
Fighting       | 2 |  2.0
Dodging        | |  1.5
Spellcasting   | |  1.0
Hexes          | |  2.6

Action                     |  1- 3 |  4- 6 || total
---------------------------+-------+-------++-------
   Fire: Sling             |    96 |   125 ||   221
    Use: Scroll            |     2 |       ||     2
 Armour: Robe              |    12 |       ||    12
         Leather armour    |    14 |    38 ||    52
  Dodge: Dodged            |    35 |    67 ||   102

Table legend:
 A = Non-vault XP
 B = Vault XP
 C = Vault XP percentage of total XP
 D = Non-vault monster count
 E = Vault monster count
 F = Vault count percentage of total count
                 A         B        C        D         E       F
            +---------+---------+-------+---------+---------+-------
      Total |     160 |      63 |  28.3 |      40 |       9 |  18.4
            +---------+---------+-------+---------+---------+-------
        D:1 |     125 |       0 |   0.0 |      28 |       0 |   0.0
        D:2 |      35 |      63 |  64.3 |      12 |       9 |  42.9
            +---------+---------+-------+---------+---------+-------
